AoeStats
← saschauli

Arena

510150798Analyzed
2v2 RM · 4d ago on Sep 29, 2026· 42m 54s· 4 players
Game mode
Random Map
Map size
Medium (4 player)
Population
200
Speed
Normal
Resources
Standard
Victory
Conquest
Starting age
Dark Age
Ending age
Imperial Age
RankedLock teamsTeams togetherTeam positionsShared explorationLock speedFull tech treeHidden civsTurbo modeCheats
Victory
Defeat
🇩🇪 Poles · Germany
944
+13
🇨🇳 Bulgarians · China
900
+16
🇹🇷 Spanish · Türkiye
896
-15
🇹🇷 Cumans · Türkiye
870
-14
世锦赛冠军
9:05 Feudal Age
9:45 Double-Bit Axe
17:16 Castle Age
16:43 Forging
18:13 Horse Collar
18:47 Bow Saw
20:06 Wheelbarrow
21:24 Loom
22:56 Bloodlines
24:13 Scale Barding Armor
24:44 Iron Casting
26:01 Chain Barding Armor
25:08 Light Cavalry
28:55 Gold Mining
28:55 Stone Mining
30:33 Heavy Plow
33:37 Imperial Age
31:13 Stirrups
32:17 Hand Cart
32:40 Gold Shaft Mining
32:24 Squires
32:09 Gambesons
32:28 Scale Mail Armor
32:39 Husbandry
34:34 Bagains
37:18 Conscription
37:08 Hussar
42:18 Elite Konnik
43:38 Plate Barding Armor
43:18 Chain Mail Armor
44:04 Blast Furnace
43:38 Coinage
43:08 Caravan
saschauli
10:27 Feudal Age
11:18 Horse Collar
16:38 Castle Age
14:34 Double-Bit Axe
15:03 Stone Mining
15:30 Gold Mining
16:52 Forging
17:09 Scale Barding Armor
17:32 Heavy Plow
25:04 Loom
25:23 Light Cavalry
26:22 Husbandry
27:00 Bloodlines
29:55 Bow Saw
31:05 Stone Shaft Mining
31:56 Iron Casting
31:42 Chain Barding Armor
36:33 Imperial Age
37:59 Lechitic Legacy
38:02 Conscription
38:21 Crop Rotation
37:38 Winged Hussar
39:22 Squires
39:33 Scale Mail Armor
41:33 Blast Furnace
40:49 Chain Mail Armor
41:22 Fletching
aacar6135
10:53 Feudal Age
16:15 Double-Bit Axe
21:21 Gold Mining
23:09 Horse Collar
25:33 Castle Age
25:49 Castle Age
25:39 Loom
26:17 Pikeman
26:58 Squires
26:22 Capped Ram
29:54 Scale Mail Armor
29:54 Padded Archer Armor
30:21 Bow Saw
30:15 Heavy Plow
31:38 Gold Shaft Mining
35:24 Imperial Age
36:37 Siege Ram
37:24 Halberdier
39:24 Elite Skirmisher
Lione..
12:20 Feudal Age
16:01 Castle Age
15:30 Double-Bit Axe
15:32 Horse Collar
15:44 Gold Mining
30:23 Forging
30:19 Scale Barding Armor
32:18 Iron Casting
35:08 Imperial Age
33:09 Husbandry
33:20 Bloodlines
34:44 Wheelbarrow
33:54 Loom
34:52 Town Watch
35:09 Heavy Plow
35:28 Bow Saw
36:28 Cavalier
39:20 Paladin
Connection lost

Rejoining the realm…

Still unreachable

The connection could not be restored.

Session expired

The server has moved on; the page needs a fresh start.